 Dungeon Crawl Stone Soup version 0.23.2-1-ga50397a6bc (webtiles) character file.

Game seed: 6950777459138084711

2317 Morbidden the Grappler (level 8, 0/66 HPs)
             Began as a Demigod Transmuter on May 5, 2019.
             Shot with an arrow by a centaur (15 damage)
             ... on level 6 of the Dungeon.
             The game lasted 00:12:45 (6633 turns).

Morbidden the Grappler (Demigod Transmuter)         Turns: 6633, Time: 00:12:46

Health: 0/66       AC:  5    Str: 17      XL:     8   Next: 98%
Magic:  10/15      EV: 13    Int: 17      God:
Gold:   560        SH:  0    Dex: 14 (16) Spells: 10/13 levels left

rFire    . . .     SeeInvis +     - Unarmed
rCold    . . .     Gourm    .   (no shield)
rNeg     . . .     Faith    .   p - +1 leather armour
rPois    .         Spirit   .   (no helmet)
rElec    .         Reflect  .   f - +0 cloak
rCorr    .         Harm     .   (no gloves)
MR       +....                  (no boots)
Stlth    ++........             (no amulet)
HPRegen  0.21/turn              g - ring of protection from magic
MPRegen  0.14/turn              m - ring of see invisible

@: appendage
A: horns 2, high mp 1
a: End Transformation


You were on level 6 of the Dungeon.
You were hungry.
You had grown temporary horns.
You visited 1 branch of the dungeon, and saw 6 of its levels.
You also visited: Ossuary.

You collected 560 gold pieces.

Inventory:

Missiles
 a - 68 arrows
 y - 3 javelins (quivered)
Armour
 f - a +0 cloak (worn)
 p - a +1 leather armour (worn)
Jewellery
 g - a ring of protection from magic (left hand)
 m - a ring of see invisible (right hand)
 B - an uncursed ring of ice
Wands
 o - a wand of enslavement (3)
 A - a wand of iceblast (10)
 E - a wand of paralysis (10)
Scrolls
 e - a scroll of fog {unknown}
 i - 3 scrolls of enchant weapon {unknown}
 j - 3 scrolls of teleportation
 k - 3 scrolls of remove curse
 l - 3 scrolls of amnesia
 s - a scroll of blinking {unknown}
 t - 3 scrolls of identify
 u - 2 scrolls of enchant armour
 v - a scroll of magic mapping {unknown}
 x - a scroll of immolation {unknown}
 C - a scroll of noise {unknown}
Potions
 b - 2 potions of haste {unknown}
 c - 7 potions of curing
 h - 2 potions of flight
 n - a potion of agility
 q - 2 potions of cancellation {unknown}
 r - 2 potions of brilliance {unknown}
 w - a potion of ambrosia {unknown}
 z - a potion of magic {unknown}
 F - 2 potions of degeneration {unknown}
Comestibles
 d - 10 rations


   Skills:
 * Level 3.8 Fighting
 + Level 2.6 Armour
 + Level 3.4 Dodging
 - Level 1.6 Stealth
 * Level 8.5 Unarmed Combat
 + Level 3.1 Spellcasting
 * Level 4.4 Transmutations


You had 10 spell levels left.
You knew the following spells:

 Your Spells              Type           Power        Failure   Level  Hunger
a - Beastly Appendage     Tmut           ###...       3%          1    None
b - Sticks to Snakes      Tmut           ###.....     4%          2    ##.....

Your spell library contained the following spells:

 Spells                   Type           Power        Failure   Level  Hunger
 Corona                   Hex            #......      21%         1    None
 Spider Form              Tmut/Pois      ##........   26%         3    ###....
 Ensorcelled Hibernation  Hex/Ice        #.....       30%         2    ##.....
 Confuse                  Hex            #.......     52%         3    ###....
 Dazzling Spray           Conj/Hex       #.....       52%         3    ###....
 Tukima's Dance           Hex            #.......     52%         3    ###....
 Ice Form                 Ice/Tmut       ##......     63%         4    ####...
 Blade Hands              Tmut           ###.......   67%         5    ######.


Dungeon Overview and Level Annotations

Branches:
Dungeon (6/15)
 Temple: D:4-7

Annotations:
D:5 1 runed translucent door, Crazy Yiuf


Innate Abilities, Weirdness & Mutations

You have an increased reservoir of magic. (+10% MP)
You have a pair of horns on your head.


Message History

Your ball python is poisoned.
The scorpion poisons your ball python!
Your ball python closely misses the scorpion.
Your ball python constricts the bullfrog.
Unknown command.
You feel better. The bullfrog hits you!
* * * LOW HITPOINT WARNING * * *
Your ball python closely misses the scorpion.
Your ball python constricts the bullfrog.
The centaur unwields a +2 short sword of venom.
It stops dripping with poison.
The centaur wields a +0 shortbow.
The centaur shoots an arrow.
The arrow barely misses your ball python.
The arrow hits the bullfrog!
The bullfrog dies!
The scorpion stings your ball python.
Your ball python dies!
Unknown command.
The centaur shoots an arrow.
The arrow hits you!
You die...

##..#####'##...........#
##..##....##...........#
#.........#.......##...#
#.........#)...(..# ..#
#...##....######..# ...
#...###'####..##a.# ...
#(..##....>..<.#sc# #..#
#...##.........#..#######..#
#..............#@.'........#
#..............S..#........#
########..##########.####..#
.#######..##########.# ..#
.......'.....#.......# ..'
.......#.....#.......# ..#
.###.######.###.##..######'#
###.###.##.###)##..###.##.###
#...#...#....)..............#


You could see a centaur, a scorpion, a worker ant and a friendly ball python.

Vanquished Creatures
  Pikel (D:5)
  Grinder (D:5)
  Menkaure (D:4)
  A phantom (D:3)
  An ice beast (D:6)
  A centaur (D:6)
  3 ogres
  Blork the orc (D:4)
  2 bullfrogs
  A quasit (D:6)
  An orc priest (D:6)
  A hound (D:5)
  A centaur skeleton (D:6)
  A bullfrog skeleton (D:6)
  3 orc wizards
  An iguana (D:5)
  Natasha (D:4)
  4 worker ants
  A hound zombie (D:5)
  A hound skeleton (D:4)
  8 mummies (Ossuary)
  5 adders
  2 oozes
  An adder skeleton (D:4)
  A dart slug (D:4)
  4 leopard geckos
  12 orcs
  5 giant cockroaches
  11 goblins
  9 hobgoblins
  12 jackals
  5 quokkas
  2 bats (D:2)
  7 frilled lizards
  3 gnoll zombies (Ossuary)
  2 hobgoblin zombies (Ossuary)
  6 kobolds
  2 kobold zombies (Ossuary)
  A leopard gecko skeleton (D:5)
  An orc zombie (Ossuary)
  A quokka skeleton (D:6)
  10 rats
138 creatures vanquished.

Vanquished Creatures (collateral kills)
  2 bullfrogs (D:6)
  An orc wizard (D:6)
  A hound (D:6)
  A worker ant (D:4)
  2 orcs (D:6)
7 creatures vanquished.

Vanquished Creatures (others)
  A bullfrog (D:6)
  A worker ant zombie (D:5)
  An adder zombie (D:5)
3 creatures vanquished.

Grand Total: 148 creatures vanquished

Notes
Turn   | Place    | Note
-------+----------+-------------------------------------------
     0 | D:1      | Morbidden the Demigod Transmuter began the quest for the
                  | Orb.
     0 | D:1      | Reached XP level 1. HP: 15/15 MP: 5/5
    90 | D:1      | Reached skill level 3 in Unarmed Combat
    96 | D:1      | Reached XP level 2. HP: 4/22 MP: 5/7
   639 | D:1      | Reached skill level 1 in Fighting
   639 | D:1      | Reached XP level 3. HP: 23/28 MP: 8/8
  1946 | D:3      | Reached skill level 4 in Unarmed Combat
  1946 | D:3      | Reached XP level 4. HP: 23/35 MP: 7/9
  2282 | D:3      | Noticed a phantom
  2301 | D:3      | Killed a phantom
  2301 | D:3      | Reached XP level 5. HP: 24/41 MP: 11/11
  2694 | D:4      | Reached skill level 5 in Unarmed Combat
  2851 | D:4      | Found a sand-covered staircase.
  2902 | Ossuary  | Entered an ossuary
  3033 | Ossuary  | Reached XP level 6. HP: 23/48 MP: 12/12
  3306 | Ossuary  | Reached skill level 1 in Armour
  3493 | D:4      | You fall through a shaft!
  3493 | D:5      | Entered Level 5 of the Dungeon
  3528 | D:4      | Noticed Natasha
  3540 | D:4      | Killed Natasha
  3817 | D:4      | Noticed Menkaure
  3825 | D:4      | Killed Menkaure
  3825 | D:4      | Reached skill level 6 in Unarmed Combat
  3825 | D:4      | Reached XP level 7. HP: 27/56 MP: 11/13
  4271 | D:4      | Noticed Blork the orc
  4285 | D:4      | Killed Blork the orc
  4590 | D:4      | Learned a level 2 spell: Sticks to Snakes
  5116 | D:5      | Noticed Pikel
  5317 | D:5      | Noticed Grinder
  5337 | D:5      | Killed Grinder
  5337 | D:5      | Reached skill level 1 in Stealth
  5337 | D:5      | Reached skill level 7 in Unarmed Combat
  5397 | D:5      | Killed Pikel
  5397 | D:5      | Reached XP level 8. HP: 55/63 MP: 15/15
  5532 | D:5      | Found a runed translucent door.
  5679 | D:5      | Noticed Crazy Yiuf
  5752 | D:5      | Found a hazy altar of Hepliaklqana.
  5753 | D:5      | Found a shadowy altar of Dithmenos.
  6000 | D:6      | Reached skill level 8 in Unarmed Combat
  6633 | D:6      | Shot with an arrow by a centaur

Skill      XL: |  1  2  3  4  5  6  7  8 |
---------------+-------------------------+-----
Unarmed Combat | 3 4 5 6 7 8 |  8.5
Spellcasting   | 2 3 |  3.1
Dodging        | 2 3 |  3.4
Fighting       | 1 2 3 |  3.8
Transmutations | 2 3 4 |  4.4
Armour         | 1 2 |  2.6
Stealth        | 1 |  1.6

Action                   |  1- 3 |  4- 6 |  7- 9 || total
-------------------------+-------+-------+-------++-------
Melee: Unarmed           |   175 |   177 |   212 ||   564
       Kick              |     9 |    24 |    16 ||    49
       Punch             |     4 |     3 |     4 ||    11
       Headbutt          |     3 |    10 |    16 ||    29
 Cast: Beastly Appendage |     8 |    19 |    18 ||    45
       Sticks to Snakes  |       |       |    20 ||    20
 Abil: End Transformatio |       |     1 |       ||     1
  Use: Potion            |       |     6 |     4 ||    10
       Scroll            |       |     4 |     1 ||     5
 Stab: Sleeping          |     1 |       |     1 ||     2
  Eat: Chunk             |     3 |     7 |     6 ||    16
       Ration            |       |       |     1 ||     1
Armor: Robe              |    20 |       |       ||    20
       Plate armour      |    12 |       |       ||    12
       Leather armour    |     3 |    28 |    51 ||    82
       Skin              |       |    11 |    12 ||    23
Dodge: Dodged            |   106 |    96 |   132 ||   334
